SA
SYRACUSE STORM @ PUT-IN-BAY BC
08/02/2026
 
TOP OF THE 1ST
Syracuse Storm batting - Pitching for Put-In-Bay BC : LHP Chiel Abspoel
Pitching: LHP Chiel Abspoel
Batting: LHB William Duffy 0-0: Called Strike
0-1: Swinging Strike
0-2: Strikes out swinging
Batting: RHB Eduardo Santos 0-0: Ball
1-0: Foul Ball, location: 2F
1-1: Called Strike
1-2: Ball
2-2: Foul Ball, location: 2F
2-2: Fly out, F8 (Flyball, 89M)
Batting: RHB Vito Middendorf 0-0: Ball
1-0: SOLO HOME RUN (Flyball, 7LD), Distance : 337 ft
Batting: LHB José Trejo 0-0: Foul Ball, location: 2F
0-1: Ball
1-1: Foul Ball, location: 2F
1-2: Foul Ball, location: 2F
1-2: Ball
2-2: Ground out 4-3 (Groundball, 4)
Top of the 1st over - 1 run(s), 1 hit(s), 0 error(s), 0 left on base; Syracuse 1 - Put-In-Bay 0
BOTTOM OF THE 1ST
Put-In-Bay BC batting - Pitching for Syracuse Storm : RHP Morihiro Sai
Pitching: RHP Morihiro Sai
Batting: LHB Tural Bishara 0-0: Foul Ball, location: 2F
0-1: Ball
1-1: Swinging Strike
1-2: Ball
2-2: DOUBLE (Groundball, 5L)
Batting: RHB Angus Watts 0-0: Foul Ball, location: 2F
0-1: Ball
1-1: Swinging Strike
1-2: Strikes out swinging
Batting: RHB Steve Koch 0-0: Ball
1-0: Foul Ball, location: 2F
1-1: Ball
2-1: Ground out 4-3 (Groundball, 4)
Tural Bishara to third
Batting: LHB Francisco Alfaro 0-0: Foul Ball, location: 2F
0-1: SINGLE (Groundball, 23) (infield hit)
Tural Bishara scores
Batting: SHB Norm Singletary 0-0: Fielders Choice at 2nd, 4-6 (Groundball, 4)
Bottom of the 1st over - 1 run(s), 2 hit(s), 0 error(s), 0 left on base; Syracuse 1 - Put-In-Bay 1
TOP OF THE 2ND
Syracuse Storm batting - Pitching for Put-In-Bay BC : LHP Chiel Abspoel
Batting: RHB Jim Unknown 0-0: Called Strike
0-1: Ball
1-1: Fly out, F8 (Flyball, 89M)
Batting: RHB Jerry Bowen 0-0: SINGLE (Groundball, 34D)
Batting: RHB Carlos Ávila 0-0: Ball
1-0: Called Strike
1-1: Ball
2-1: Called Strike
2-2: DOUBLE (Line Drive, 7LM)
Jerry Bowen to third
Runner from 3rd tries for Home, SAFE, throw made home
Batting: RHB José Costello 0-0: Fly out, F5 (Popup, 5S)
Batting: RHB Enrique Gómez 0-0: Ball
1-0: Ball
2-0: Foul Ball, location: 2F
2-1: DOUBLE (Flyball, 78XD)
Carlos Ávila scores
Batting: LHB William Duffy 0-0: Swinging Strike
0-1: Ball
1-1: Foul Ball, location: 2F
1-2: Ball
2-2: DOUBLE (Line Drive, 7LM)
Enrique Gómez scores
Batting: RHB Eduardo Santos 0-0: Ball
1-0: Foul Ball, location: 2F
1-1: Swinging Strike
1-2: SINGLE (Groundball, 56D)
William Duffy to third
Runner from 3rd tries for Home, SAFE, no throw
Batting: RHB Vito Middendorf 0-0: Ball
1-0: SINGLE (Groundball, 6MD)
Eduardo Santos to second
Batting: LHB José Trejo 0-0: Fielders Choice at 2nd, 4-6 (Groundball, 4)
Top of the 2nd over - 4 run(s), 6 hit(s), 0 error(s), 1 left on base; Syracuse 5 - Put-In-Bay 1
BOTTOM OF THE 2ND
Put-In-Bay BC batting - Pitching for Syracuse Storm : RHP Morihiro Sai
Batting: RHB Lou Lumsden 0-0: Called Strike
0-1: Swinging Strike
0-2: Strikes out swinging
Batting: LHB Jim Unknown 0-0: Swinging Strike
0-1: Swinging Strike
0-2: SINGLE (Groundball, 6D)
Batting: RHB Manuel Rosales 0-0: Foul Ball, location: 2F
0-1: SINGLE (Line Drive, 78S)
Jim Unknown to second
Batting: RHB Ryan French 0-0: Called Strike
0-1: Fly out, F6 (Popup, 5D)
Batting: LHB Tural Bishara 0-0: Foul Ball, location: 2F
0-1: Ball
1-1: Ball
2-1: Called Strike
2-2: Ball
3-2: SINGLE (Groundball, 34D)
Jim Unknown to third
Manuel Rosales to second
Jim Unknown scores
Manuel Rosales to third
Batting: RHB Angus Watts 0-0: Called Strike
0-1: Called Strike
0-2: Ball
1-2: SINGLE (Line Drive, 89S)
Manuel Rosales scores
Tural Bishara to second
Tural Bishara to third
Batting: RHB Steve Koch 0-0: Ball
1-0: SINGLE (Flyball, 8LS)
Tural Bishara scores
Angus Watts to second
Batting: LHB Francisco Alfaro 0-0: Ball
1-0: Ground out U3 (Groundball, 34)
Bottom of the 2nd over - 3 run(s), 5 hit(s), 0 error(s), 2 left on base; Syracuse 5 - Put-In-Bay 4
TOP OF THE 3RD
Syracuse Storm batting - Pitching for Put-In-Bay BC : LHP Chiel Abspoel
Batting: RHB Jim Unknown 0-0: Called Strike
0-1: Fly out, F3 (Popup, 3L)
Batting: RHB Jerry Bowen 0-0: Swinging Strike
0-1: Ball
1-1: Called Strike
1-2: Strikes out looking
Batting: RHB Carlos Ávila 0-0: Fly out, F8 (Line Drive, 8LM)
Top of the 3rd over - 0 run(s), 0 hit(s), 0 error(s), 0 left on base; Syracuse 5 - Put-In-Bay 4
BOTTOM OF THE 3RD
Put-In-Bay BC batting - Pitching for Syracuse Storm : RHP Morihiro Sai
Batting: SHB Norm Singletary 0-0: Ball
1-0: Ball
2-0: Swinging Strike
2-1: Foul Ball, location: 2F
2-2: Ground out 1-3 (Groundball, P)
Batting: RHB Lou Lumsden 0-0: Foul Ball, location: 2F
0-1: Ball
1-1: Called Strike
1-2: Ground out 5-3 (Groundball, 56S)
Batting: LHB Jim Unknown 0-0: Fly out, F7 (Flyball, 78M)
Bottom of the 3rd over - 0 run(s), 0 hit(s), 0 error(s), 0 left on base; Syracuse 5 - Put-In-Bay 4
TOP OF THE 4TH
Syracuse Storm batting - Pitching for Put-In-Bay BC : LHP Chiel Abspoel
Batting: RHB José Costello 0-0: Ball
1-0: Ball
2-0: Ground out 5-3 (Groundball, 56)
Batting: RHB Enrique Gómez 0-0: Ball
1-0: Ball
2-0: Called Strike
2-1: Ball
3-1: Base on Balls
Batting: LHB William Duffy 0-0: Ball
Enrique Gómez steals 2nd base
1-0: Ball
2-0: Swinging Strike
2-1: Foul Ball, location: 2F
2-2: Fly out, F7 (Flyball, 78M)
Batting: RHB Eduardo Santos 0-0: Ball
1-0: Ball
2-0: Ball
3-0: Called Strike
3-1: Base on Balls
Batting: RHB Vito Middendorf 0-0: Fly out, F8 (Flyball, 8RM)
Top of the 4th over - 0 run(s), 0 hit(s), 0 error(s), 2 left on base; Syracuse 5 - Put-In-Bay 4
BOTTOM OF THE 4TH
Put-In-Bay BC batting - Pitching for Syracuse Storm : RHP Morihiro Sai
Batting: RHB Manuel Rosales 0-0: Foul Ball, location: 2F
0-1: Ball
1-1: Fly out, F3 (Flyball, 34D)
Batting: RHB Ryan French 0-0: Fly out, F4 (Popup, 4S)
Batting: LHB Tural Bishara 0-0: Ball
1-0: Called Strike
1-1: Called Strike
1-2: Ball
2-2: Fly out, F9 (Flyball, 9LM)
Bottom of the 4th over - 0 run(s), 0 hit(s), 0 error(s), 0 left on base; Syracuse 5 - Put-In-Bay 4
TOP OF THE 5TH
Syracuse Storm batting - Pitching for Put-In-Bay BC : LHP Chiel Abspoel
Batting: LHB José Trejo 0-0: Called Strike
0-1: SINGLE (Groundball, 34D)
Batting: RHB Jim Unknown 0-0: Fielders Choice at 2nd, 6-4 (Groundball, 6)
Batting: RHB Jerry Bowen 0-0: Called Strike
0-1: Ball
1-1: Fly out, F8 (Flyball, 8LD)
Batting: RHB Carlos Ávila 0-0: Ball
1-0: Ball
2-0: Fly out, F8 (Flyball, 78M)
Top of the 5th over - 0 run(s), 1 hit(s), 0 error(s), 1 left on base; Syracuse 5 - Put-In-Bay 4
BOTTOM OF THE 5TH
Put-In-Bay BC batting - Pitching for Syracuse Storm : RHP Morihiro Sai
Batting: RHB Angus Watts 0-0: Ball
1-0: Called Strike
1-1: Ball
2-1: Foul Ball, location: 2F
2-2: Ball
3-2: Foul Ball, location: 2F
3-2: SINGLE (Groundball, 34D)
Batting: RHB Steve Koch 0-0: Foul Ball, location: 2F
0-1: Called Strike
0-2: Ball
1-2: Foul Ball, location: 2F
1-2: Ball
2-2: Ball
3-2: Fly out, F2 (Popup, 25)
Batting: LHB Francisco Alfaro 0-0: Ball
Angus Watts is caught stealing 2nd base
1-0: Ball
2-0: Fly out, F8 (Flyball, 8RM)
Bottom of the 5th over - 0 run(s), 1 hit(s), 0 error(s), 0 left on base; Syracuse 5 - Put-In-Bay 4
TOP OF THE 6TH
Syracuse Storm batting - Pitching for Put-In-Bay BC : LHP Chiel Abspoel
Batting: RHB José Costello 0-0: Ball
1-0: Called Strike
1-1: Ball
2-1: Swinging Strike
2-2: Ball
3-2: SINGLE (Groundball, 6MD)
Batting: RHB Enrique Gómez 0-0: Fielders Choice at 2nd, 2-4 (Groundball, 2L)
Batting: LHB William Duffy 0-0: Called Strike
0-1: Foul Ball, location: 2F
0-2: Ball
1-2: Ball
2-2: SINGLE (Line Drive, 56D)
Enrique Gómez to second
Batting: RHB Eduardo Santos 0-0: Called Strike
0-1: Ground out 6-3 (Groundball, 6S)
Enrique Gómez to third
William Duffy to second
Batting: RHB Vito Middendorf 0-0: Ball
1-0: Ball
2-0: Called Strike
2-1: Foul Ball, location: 2F
2-2: Foul Ball, location: 2F
2-2: Foul Ball, location: 2F
2-2: Foul Ball, location: 2F
2-2: Strikes out swinging
Top of the 6th over - 0 run(s), 2 hit(s), 0 error(s), 2 left on base; Syracuse 5 - Put-In-Bay 4
BOTTOM OF THE 6TH
Put-In-Bay BC batting - Pitching for Syracuse Storm : RHP Morihiro Sai
Batting: SHB Norm Singletary 0-0: Ball
1-0: Called Strike
1-1: Foul Ball, location: 2F
1-2: Foul Ball, location: 2F
1-2: Fly out, F8 (Flyball, 8LM)
Batting: RHB Lou Lumsden 0-0: Ground out 4-3 (Groundball, 4M)
Batting: LHB Jim Unknown 0-0: Foul Ball, location: 2F
0-1: Swinging Strike
0-2: Ball
1-2: Ball
2-2: Strikes out looking
Bottom of the 6th over - 0 run(s), 0 hit(s), 0 error(s), 0 left on base; Syracuse 5 - Put-In-Bay 4
TOP OF THE 7TH
Syracuse Storm batting - Pitching for Put-In-Bay BC : LHP Chiel Abspoel
Batting: LHB José Trejo 0-0: Foul Ball, location: 2F
0-1: Foul Ball, location: 2F
0-2: Ball
1-2: Ball
2-2: Ground out 4-3 (Groundball, 4)
Batting: RHB Jim Unknown 0-0: Ball
1-0: Called Strike
1-1: Ball
2-1: SINGLE (Flyball, 8LS)
Pitching: RHP Cisco Ortega
Pinch Hitting: RHB António Canales 0-0: Called Strike
0-1: Called Strike
0-2: Strikes out looking
Batting: RHB Carlos Ávila 0-0: Swinging Strike
0-1: Ball
1-1: Swinging Strike
1-2: Foul Ball, location: 2F
1-2: Strikes out swinging
Top of the 7th over - 0 run(s), 1 hit(s), 0 error(s), 1 left on base; Syracuse 5 - Put-In-Bay 4
BOTTOM OF THE 7TH
Put-In-Bay BC batting - Pitching for Syracuse Storm : RHP Morihiro Sai
Now at 3B: António Canales
Batting: RHB Manuel Rosales 0-0: Called Strike
0-1: Ball
1-1: Foul Ball, location: 2F
1-2: Ball
2-2: Ball
3-2: Fly out, F9 (Flyball, 9LS)
Batting: RHB Ryan French 0-0: Ball
1-0: Ball
2-0: Called Strike
2-1: Fly out, F8 (Flyball, 89D)
Batting: LHB Tural Bishara 0-0: Ball
1-0: Called Strike
1-1: Fly out, F7 (Line Drive, 78M)
Bottom of the 7th over - 0 run(s), 0 hit(s), 0 error(s), 0 left on base; Syracuse 5 - Put-In-Bay 4
TOP OF THE 8TH
Syracuse Storm batting - Pitching for Put-In-Bay BC : RHP Cisco Ortega
Batting: RHB José Costello 0-0: Ball
1-0: Ball
2-0: Foul Ball, location: 2F
2-1: Swinging Strike
2-2: Ball
3-2: Fly out, F7 (Flyball, 78M)
Batting: RHB Enrique Gómez 0-0: Called Strike
0-1: Ball
1-1: Ball
2-1: Foul Ball, location: 2F
2-2: Strikes out swinging
Batting: LHB William Duffy 0-0: Fly out, F7 (Line Drive, 7S)
Top of the 8th over - 0 run(s), 0 hit(s), 0 error(s), 0 left on base; Syracuse 5 - Put-In-Bay 4
BOTTOM OF THE 8TH
Put-In-Bay BC batting - Pitching for Syracuse Storm : RHP Morihiro Sai
Pitching: LHP Alfonso Dolton
Batting: RHB Angus Watts 0-0: Ball
1-0: Foul Ball, location: 2F
1-1: Called Strike
1-2: Ball
2-2: Strikes out looking
Pitching: RHP Gonzalo Montés
Batting: RHB Steve Koch 0-0: Ball
1-0: DOUBLE (Line Drive, 7LM)
Pitching: LHP Juan Vargas
Pinch Hitting: RHB Tony Cruz 0-0: Ball
1-0: Ball
2-0: Ball
3-0: Foul Ball, location: 2F
3-1: Base on Balls
Batting: SHB Norm Singletary 0-0: Foul Ball, location: 2F
0-1: SINGLE (Line Drive, 6M)
Steve Koch to third
Tony Cruz to second
Runner from 3rd tries for Home, SAFE, no throw
Batting: RHB Lou Lumsden 0-0: Called Strike
0-1: Ball
1-1: Foul Ball, location: 2F
1-2: Ball
2-2: Ball
3-2: Base on Balls
Tony Cruz to third
Norm Singletary to second
Batting: LHB Jim Unknown 0-0: Called Strike
0-1: Ball
1-1: Ball
2-1: Foul Ball, location: 2F
2-2: Fly out, F7 (Flyball, 7S)
Batting: RHB Manuel Rosales 0-0: Fly out, F7 (Flyball, 7)
Bottom of the 8th over - 1 run(s), 2 hit(s), 0 error(s), 3 left on base; Syracuse 5 - Put-In-Bay 5
TOP OF THE 9TH
Syracuse Storm batting - Pitching for Put-In-Bay BC : RHP Cisco Ortega
Pitching: RHP Félix Santiago
Now at 3B: Marlon Webster
Batting: RHB Eduardo Santos 0-0: Ball
1-0: Ball
2-0: Foul Ball, location: 2F
2-1: Called Strike
2-2: Ball
3-2: Base on Balls
Batting: RHB Vito Middendorf 0-0: Called Strike
0-1: Ball
1-1: Fly out, F8 (Flyball, 78S)
Pinch Hitting: LHB King Randell 0-0: Ball
1-0: Foul Ball, location: 2F
1-1: Foul Ball, location: 2F
1-2: SINGLE (Flyball, 7S)
Eduardo Santos to second
Batting: RHB Jim Unknown 0-0: Ball
1-0: Ball
2-0: Called Strike
2-1: Swinging Strike
2-2: Foul Ball, location: 2F
2-2: Foul Ball, location: 2F
2-2: Ball
3-2: Strikes out swinging
Batting: RHB António Canales 0-0: Ball
1-0: Fly out, F9 (Flyball, 9S)
Top of the 9th over - 0 run(s), 1 hit(s), 0 error(s), 2 left on base; Syracuse 5 - Put-In-Bay 5
BOTTOM OF THE 9TH
Put-In-Bay BC batting - Pitching for Syracuse Storm : LHP Juan Vargas
Now at 1B: King Randell
Pinch Hitting: RHB Francisco Valéncia 0-0: Ball
1-0: Called Strike
1-1: Foul Ball, location: 2F
1-2: Ball
2-2: Ball
3-2: Base on Balls
Batting: LHB Tural Bishara 0-0: Reached on error, E1 (Groundball, 15)
Francisco Valéncia to third
Batting: RHB Angus Watts 0-0: Foul Ball, location: 2F
0-1: Ground out 4-3 (Groundball, 4)
Batting: RHB Steve Koch 0-0: Intentional Walk
Batting: SHB Marlon Webster 0-0: Foul Ball, location: 2F
0-1: Fly out, F9 (Flyball, 89M)
Runner from 3rd tags up, SCORES, no throw
GAME OVER ... PUT
In-Bay defeats Syracuse, 6 to 5
Monday, March 20th, 2017 - OOTP Baseball 17.12 Build 75